Unix NetHack Version 3.7.0-66 Work-in-progress - last build Dec 26 2022 05:50:31 (55254d10815e23f0e7c0ebc937178fe17f3ffff8,branch:master). Game began 2022-12-29 21:14:44, ended 2022-12-29 21:54:34. doomcircle, chaotic male elven Wizard --------- +.......| |<......| |.......| |+......| ---.----- #### q #### # ###0 %+--- ---- .......... |........| |........| |........| |.....[..| |....>...| ---------- Doomcircle the Thaumaturge St:12 Dx:14 Co:15 In:18 Wi:11 Ch:12 Chaotic S:2465 Dlvl:8 $:351 HP:0(39) Pw:62(86) AC:5 Xp:6/441 T:3272 Burdened Latest messages: You miss the rock mole. You miss the rock mole. You miss the rock mole. You hit the rock mole. You hit the rock mole. The rock mole bites! You hit the rock mole. You miss the rock mole. You kill the rock mole! There is a doorway here. You see here a rock mole corpse. You hit the orc zombie. You hit the orc zombie. There is a doorway here. You see here a rock mole corpse. You hear a nearby zap. You hit the orc zombie. The orc zombie hits! You hit the orc zombie. The orc zombie hits! You destroy the orc zombie! You hit the orc zombie. You miss the orc zombie. You hit the orc zombie. The orc zombie hits! You miss the orc zombie. You hit the orc zombie. The tengu appears next to you! The orc zombie misses! In what direction? k You kill the tengu! The magic missile hits you! The missiles bounce off! You hit the orc zombie. The orc zombie misses! You hit the orc zombie. You hit the orc zombie. The orc zombie hits! You hit the orc zombie. The orc zombie turns to flee. You have a little trouble lifting a tengu corpse. Continue? [ynq] (q) y You have a little trouble lifting X - a tengu corpse. You have a little trouble lifting Y - a wand of teleportation. Your movements are slowed slightly because of your load. The mumak attacks a spot beside you. You miss the mumak. The mumak butts! You die... Do you want your possessions identified? [ynq] (y) y Do you want to see your attributes? [ynq] (y) q Inventory: Coins $ - 351 gold pieces Weapons L - 4 +0 daggers (at the ready) U - a +0 dagger (weapon in hand) a - a blessed +1 quarterstaff Armor O - an uncursed rotted +0 pair of high boots (being worn) b - an uncursed +0 cloak of magic resistance (being worn) T - an uncursed +0 mummy wrapping H - an uncursed +0 studded leather armor (being worn) Comestibles X - an uncursed tengu corpse Scrolls q - 2 uncursed scrolls of confuse monster r - an uncursed scroll of enchant armor t - an uncursed scroll of food detection s - a cursed scroll of genocide j - a blessed scroll of identify k - an uncursed scroll of light p - an uncursed scroll of magic mapping i - a blessed scroll of remove curse z - an uncursed scroll of taming A - an uncursed scroll of teleportation Potions F - an uncursed potion of enlightenment f - 2 uncursed potions of extra healing B - an uncursed potion of fruit juice x - 2 uncursed potions of hallucination v - an uncursed potion of monster detection Q - an uncursed potion of object detection g - an uncursed potion of oil R - an uncursed potion of sickness h - 2 uncursed potions of sleeping C - an uncursed potion of water Rings w - an uncursed -2 ring of gain constitution d - an uncursed ring of polymorph control e - an uncursed ring of stealth Wands c - a wand of digging (0:3) o - a wand of lightning (0:7) M - a wand of make invisible (0:5) Y - a wand of teleportation (0:3) Doomcircle the Wizard's attributes: Background: You were a Thaumaturge, a level 6 male elven Wizard. You were chaotic, on a mission for Anhur who was opposed by Ptah (lawful) and Thoth (neutral). You were in the Dungeons of Doom, on level 8. You entered the dungeon 3272 turns ago. You had 441 experience points, 199 more were needed to attain level 7. Your score was 2465 before end-of-game adjustments. Basics: You had 0 out of 39 hit points. You had 62 out of 86 energy points (spell power). Your armor class was 5. Your wallet contained 351 zorkmids. Autopickup was off. FinalCharacteristics: Your strength was 12 (limit:18). Your dexterity was 14 (limit:18). Your constitution was 15 (limit:16). Your intelligence was 18 (limit:20). Your wisdom was 11 (limit:20). Your charisma was 12 (limit:18). Final Status: You were not hungry. You were burdened; movement was slightly slowed. You were wielding a dagger. You had basic skill with dagger. Final Attributes: You were piously aligned. You were magic-protected. You were sleep resistant. You had infravision. You were invisible. You were warded. You were unlucky. You are dead. Miscellaneous: You never encountered a bones level. Total elapsed playing time was 39 minutes and 49 seconds. Major events: Turn 1: doomcircle the chaotic male elven Wizard entered the dungeon 333: entered the Gnomish Mines 445: attained the rank of Conjurer (level 3) 3064: attained the rank of Thaumaturge (level 6) 3272: killed by a mumak Vanquished creatures: a tengu a brown pudding a dingo a dog a gnome mummy a wood nymph a water nymph 2 rock moles 2 fog clouds 2 yellow lights a gnome leader a ghoul a floating eye a kitten a kobold shaman a giant bat 2 orc zombies a dwarf zombie 4 iguanas an acid blob 2 hobbits a giant rat a cave spider a yellow mold 2 gnomes a gnome zombie 2 geckos 3 jackals a kobold 2 goblins 2 sewer rats 4 grid bugs a bat 6 lichens a kobold zombie 4 newts 61 creatures vanquished. No species were genocided or became extinct. Voluntary challenges: You read items or engraved 1 time. You never engraved Elbereth. You never genocided any monsters. You never polymorphed an object. You never changed form. You used no wishes. Achievements: You entered the Gnomish Mines. You attained the rank of Conjurer. You entered a shop. You attained the rank of Thaumaturge. The Dungeons of Doom: levels 1 to 8 Level 1: A fountain. Level 2: Stairs down to The Gnomish Mines. Level 3: A jewelers, a fountain. Level 4: A potion shop, an altar, a fountain. Level 5: Level 6: A sink, a grave. Level 7: Level 8: <- You were here. Final resting place for you, killed by a mumak. The Gnomish Mines: Level 3: Game over: ---------- / \ / REST \ / IN \ / PEACE \ / \ | doomcircle | | 351 Au | | killed by a | | mumak | | | | | | 2022 | *| * * * | * _________)/\\_//(\/(/\)/\//\/|_)_______ Goodbye doomcircle the Wizard... You died in The Dungeons of Doom on dungeon level 8 with 2430 points, and 351 pieces of gold, after 3272 moves. You were level 6 with a maximum of 39 hit points when you died.